 Dungeon Crawl Stone Soup version 0.23-a0-644-gb60d84b (webtiles) character file.

47 Borgoz the Ruffian (level 3, -1/30 HPs)
             Began as a Ghoul Gladiator on Jan 1, 2019.
             Slain by Sigmund
             ... wielding a +0 scythe
              (3 damage)
             ... on level 2 of the Dungeon.
             The game lasted 00:02:03 (993 turns).

Borgoz the Ruffian (Ghoul Gladiator)                 Turns: 993, Time: 00:02:03

Health: -1/30      AC:  7    Str: 17      XL:     3   Next: 70%
Magic:  2/2        EV: 10    Int:  2 (3)  God:
Gold:   73         SH:  0    Dex: 10 (11) Spells: 3/3 levels left

rFire    . . .     SeeInvis .     - Unarmed
rCold    + . .     Gourm    .   (no shield)
rNeg     + + +     Faith    .   g - +0 scale mail
rPois    ∞         Spirit   .   b - +0 helmet
rElec    .         Reflect  .   (no cloak)
rCorr    .         Harm     .   (no gloves)
MR       .....                  (no boots)
Stlth    ..........             (no amulet)
HPRegen  0.00/turn              (no ring)
MPRegen  0.08/turn              (no ring)

@: rotting
A: rotting body, claws 1, carnivore, cold resistance 1, negative energy
resistance 3, inhibited regeneration, torment resistance, unbreathing
a: no special abilities


You were on level 2 of the Dungeon.
You were not hungry.

You visited 1 branch of the dungeon, and saw 2 of its levels.

You collected 73 gold pieces.

Inventory:

Missiles
 c - 3 throwing nets (quivered)
Armour
 b - a +0 helmet (worn)
 g - a +0 scale mail (worn)
Jewellery
 a - a cursed ring of teleportation {unknown}
 e - an uncursed ring of fire {unknown}
 k - an uncursed ring of positive energy {unknown}
Scrolls
 f - a scroll of teleportation {unknown}
 h - a scroll of magic mapping {unknown}
 i - 2 scrolls of remove curse {unknown}
 j - a scroll of immolation {unknown}
Comestibles
 d - 6 rations
 l - 2 chunks of flesh


   Skills:
 + Level 2.6 Fighting
 - Level 1.7 Throwing
 * Level 1.3 Armour
 * Level 3.2 Dodging
 + Level 3.5 Unarmed Combat
 + Level 0.6 Spellcasting


You had 3 spell levels left.
You didn't know any spells.
Your spell library was empty.

Dungeon Overview and Level Annotations

Branches:
Dungeon (2/15)

Altars:

Annotations:
D:2 Sigmund


Innate Abilities, Weirdness & Mutations

Your body is rotting away.
You thrive on raw meat.
You are immune to poison.
You have sharp fingernails.
You are carnivorous and can eat meat at any time.
Your flesh is cold resistant. (rC+)
You are immune to negative energy. (rN+++)
You do not regenerate when monsters are visible.
You are immune to unholy pain and torment.
You can survive without breathing.


Message History

Sigmund is moderately wounded.
Sigmund hits you with a +0 scythe.
You closely miss Sigmund.
Sigmund is moderately wounded.
You closely miss Sigmund.
Sigmund is moderately wounded.
Sigmund hits you with a +0 scythe.
You claw Sigmund!
Sigmund is severely wounded.
Sigmund hits you with a +0 scythe.
You scratch Sigmund.
Sigmund is severely wounded.
You scratch Sigmund but do no damage.
Sigmund is severely wounded.
Sigmund hits you with a +0 scythe!
* * * LOW HITPOINT WARNING * * *
You completely miss Sigmund.
Sigmund is severely wounded.
Sigmund hits you with a +0 scythe.
You die...

.. .# # .# ..# .#.### ## . #..#
##.#... #. . #..# ##.!..# ##.##
.#.#. #.. ..#..# #...# ...#
#.#######.@.#### #...#
.##.####........@.....#### #.).##
............##..#........###....#
###.###.....##..#..##.##.........
###.# #.........................#
....# #.....##..##)##.##........)
##### #.....##..##.......###...##
# ###.........[..<#### #...## #
##......##.#### #...# #
#......##.# #...#


You could see Sigmund.

Vanquished Creatures
  An adder (D:1)
  A worm (D:2)
  A ball python (D:2)
  6 bats
  2 bat skeletons (D:2)
  2 giant cockroaches
  2 goblins (D:2)
  6 hobgoblins
  5 kobolds
  A frilled lizard (D:1)
  6 rats
33 creatures vanquished.

Notes
Turn   | Place    | Note
-------+----------+-------------------------------------------
     0 | D:1      | Borgoz the Ghoul Gladiator began the quest for the Orb.
     0 | D:1      | Reached XP level 1. HP: 17/17 MP: 0/0
    84 | D:1      | Reached XP level 2. HP: 21/25 MP: 1/1
   617 | D:2      | Noticed Sigmund
   639 | D:1      | HP: 1/24 [adder (2)]
   640 | D:1      | Reached skill level 1 in Armour
   640 | D:1      | Reached XP level 3. HP: 1/29 MP: 2/2
   993 | D:2      | Slain by Sigmund

Vault maps used:
D:1:      psy_arrival_terrarium
D:2:      serial_undead, serial_undead_a, serial_undead_f, serial_undead_c,
          serial_undead_a, first_ration, uniq_sigmund

Skill      XL: |  1  2 |
---------------+-------+-----
Dodging        | 3 |  3.2
Armour         | 1 |  1.3
Fighting       | |  2.6
Throwing       | |  1.7
Unarmed Combat | |  3.5
Spellcasting   | |  0.6

Action                   || total
-------------------------++-------
Melee: Unarmed           ||   104
       Punch             ||     1
  Use: Potion            ||     3
  Eat: Chunk             ||     6
Armor: Leather armour    ||     1
       Scale mail        ||    43
Dodge: Dodged            ||    73

Table legend:
 A = Non-vault XP
 B = Vault XP
 C = Vault XP percentage of total XP
 D = Non-vault monster count
 E = Vault monster count
 F = Vault count percentage of total count
                 A         B        C        D         E       F
            +---------+---------+-------+---------+---------+-------
      Total |      64 |       4 |   5.9 |      31 |       2 |   6.1
            +---------+---------+-------+---------+---------+-------
        D:1 |      40 |       0 |   0.0 |      19 |       0 |   0.0
        D:2 |      24 |       4 |  14.3 |      12 |       2 |  14.3
            +---------+---------+-------+---------+---------+-------
